 Dungeon Crawl Stone Soup version 0.24-a0-630-g0d56a851f4 (webtiles) character file.

Game seed: 8518522930908903574, levelgen mode: deterministic

82 MisterFreud the Changer (level 4, 0/42 HPs)
             Began as an Octopode Transmuter on Sept 19, 2019.
             Succumbed to a scorpion's poison
             ... on level 2 of the Dungeon.
             The game lasted 00:02:56 (1168 turns).

MisterFreud the Changer (Octopode Transmuter)       Turns: 1168, Time: 00:02:56

Health: 0/42       AC: 22    Str: 14    XL:     4   Next: 43%
Magic:  5/8        EV:  2    Int: 16    God:
Gold:   65         SH:  0    Dex: 17    Spells: 6/9 levels left

rFire    . . .     SeeInvis .     - Unarmed
rCold    . . .     Gourm    .   (no shield)
rNeg     + + +     Faith    .   (helmet currently unavailable)
rPois    +         Spirit   .   (no amulet)
rElec    .         Reflect  .   (no ring)
rCorr    .         Harm     .   (no ring)
MR       .....     NoTele   +   (no ring)
Stlth    +++.......             (no ring)
HPRegen  0.14/turn              (no ring)
MPRegen  0.11/turn              (no ring)
                                (no ring)
                                (no ring)

@: mighty, agile, lethally poisoned (0 -> -6), tree-form, hasted, very quick
A: almost no armour, stealthy swim, (amphibious), 8 rings, (constrict 8)
a: no special abilities


You were on level 2 of the Dungeon.
You were very hungry.
You were a tree.
You visited 1 branch of the dungeon, and saw 2 of its levels.

You collected 65 gold pieces.

Inventory:

Missiles
 a - 9 arrows
 d - 5 stones (quivered)
Scrolls
 e - a scroll of random uselessness {unknown}
 f - a scroll of remove curse {unknown}
 g - a scroll of identify {unknown}
 h - 2 scrolls of amnesia {unknown}
 j - 2 scrolls of teleportation {unknown}
Comestibles
 c - 3 rations


   Skills:
 - Level 1.0 Fighting
 - Level 2.0 Dodging
 - Level 3.0 Unarmed Combat
 - Level 3.2 Spellcasting
 + Level 3.4 Transmutations


You had 6 spell levels left.
You knew the following spells:

 Your Spells              Type           Power        Failure   Level  Hunger
a - Beastly Appendage     Tmut           ##....       4%          1    None
b - Sticks to Snakes      Tmut           ##......     7%          2    ##.....

Your spell library contained the following spells:

 Spells                   Type           Power        Failure   Level  Hunger
 Spider Form              Tmut/Pois      #.........   26%         3    ###....
 Ice Form                 Ice/Tmut       #.......     65%         4    ####...
 Blade Hands              Tmut           ##........   77%         5    ######.


Dungeon Overview and Level Annotations

Branches:
Dungeon (2/15)

Altars:
Hepliaklqana


Innate Abilities, Weirdness & Mutations

You cannot wear most types of armour.
You are very stealthy in the water. (Stealth+)
((You are amphibious.))
You can wear up to eight rings at the same time.
((You can use your tentacles to constrict eight enemies at once.))
((Your skin changes colour to match your surroundings (Stealth+).))
((Your rubbery body absorbs attacks. (AC +1, EV +1)))


Message History

You aren't carrying any potions.
Unknown command.
Okay, then.
Unknown command.
Unknown command.
You barely miss the scorpion.
The scorpion is severely wounded.
The bat hits you but does no damage.
Your ball python bites the scorpion but does no damage.
Your ball python grabs the scorpion.
Your ball python constricts the scorpion.
The scorpion stings your ball python.
Your ball python dies!
Unknown command.
You smack the scorpion!
You kill the scorpion!
Training target 3.0 for Spellcasting reached!
Your Spellcasting skill increases to level 3!
You have reached level 4!
You die...

#.....# ###..##.....## #
#.....# #....#.......#.##
......###....#.......#...
..............S.._.....#
.............#.......#
.............#.......#
#.#....##.##.##.....##
#.#....##.##.####.####.#
#.#....##.##....♣b.....#
..#....##.....#..##.##.#
###....##...#..... ...
###....# ...###.### ...
......[. .. ...#
######### ##. #.# #[ .#
.. ##


You could see a bat.

Vanquished Creatures
  A scorpion (D:2)
  A gnoll (D:1)
  2 dart slugs (D:1)
  A leopard gecko (D:1)
  3 goblins
  5 hobgoblins (D:1)
  4 bats (D:1)
  A frilled lizard (D:1)
  5 kobolds (D:1)
  2 rats (D:1)
25 creatures vanquished.

Notes
Turn   | Place    | Note
-------+----------+-------------------------------------------
     0 | D:1      | MisterFreud the Octopode Transmuter began the quest for the
                  | Orb.
     0 | D:1      | Reached XP level 1. HP: 13/13 MP: 3/3
   302 | D:1      | Reached XP level 2. HP: 12/18 MP: 3/5
   575 | D:1      | Learned a level 2 spell: Sticks to Snakes
   618 | D:1      | Reached XP level 3. HP: 19/23 MP: 6/6
  1144 | D:2      | Found a hazy altar of Hepliaklqana.
  1147 | D:2      | Noticed a scorpion
  1166 | D:2      | HP: 1/34 [poisoned by a scorpion]
  1168 | D:2      | Killed a scorpion
  1168 | D:2      | Reached XP level 4. HP: 1/28 MP: 5/8
  1168 | D:2      | Succumbed to a scorpion's poison

Levels and vault maps discovered:
D:1:      minmay_arrival_glassed_features, layout_basic, minmay_distorted
D:2:      layout_basic, old_standard_altar, minmay_misc_feat_x, uniq_jessica,
          uniq_natasha

Skill      XL: |  1  2  3 |
---------------+----------+-----
Transmutations | 3 |  3.4
Spellcasting   | 3 |  3.2
Fighting       | |  1.0
Dodging        | |  2.0
Unarmed Combat | |  3.0

Action                   |  1- 3 |  4- 6 || total
-------------------------+-------+-------++-------
Melee: Unarmed           |    63 |       ||    63
       Constrict         |    18 |       ||    18
       Kick              |    10 |       ||    10
       Punch             |     3 |       ||     3
       Tentacles         |     9 |       ||     9
 Cast: Beastly Appendage |    10 |       ||    10
       Sticks to Snakes  |     3 |       ||     3
  Use: Potion            |     4 |       ||     4
 Stab: Sleeping          |     1 |       ||     1
Armor: Skin              |     8 |       ||     8
Dodge: Dodged            |    45 |       ||    45

Table legend:
 A = Non-vault XP
 B = Vault XP
 C = Vault XP percentage of total XP
 D = Non-vault monster count
 E = Vault monster count
 F = Vault count percentage of total count
                 A         B        C        D         E       F
            +---------+---------+-------+---------+---------+-------
      Total |     118 |       0 |   0.0 |      25 |       0 |   0.0
            +---------+---------+-------+---------+---------+-------
        D:1 |      50 |       0 |   0.0 |      23 |       0 |   0.0
        D:2 |      68 |       0 |   0.0 |       2 |       0 |   0.0
            +---------+---------+-------+---------+---------+-------
